Map: Ascension to Aiur LE

Players

GaRpY

  • Race: Terran Terran
  • League: Master
  • Spawn Location: 5:00

lIlIlIlIlIlI - Winner!

  • Race: Terran Terran
  • League: Master
  • Spawn Location: 11:00

VOD

Have the link to the VOD?

Description

Time

  • Played on: Dec. 29, 2017, 7:36 a.m.
  • Length: 11:22
Show
View Real Time Build Order
Export as new Build Order

GaRpY Terran 

Build Orders: Reaper Expand, Bio Tank 

Get SALT Encoding   

  12  0:00  SCV  
  13  0:13  SCV  
  14  0:18  Supply Depot  
  14  0:25  SCV  
  15  0:29  Refinery  
  15  0:39  SCV  
  16  0:45  Barracks  
  16  0:51  SCV  
  17  1:04  SCV  
  18  1:16  SCV  
  19  1:31  Orbital Command  
  19  1:32  Reaper  
  20  1:47  Command Center  
  20  1:57  Factory  
  20  2:01  SCV  
  21  2:06  Reaper  
  22  2:13  Supply Depot  
  22  2:17  Refinery  
  22  2:22  SCV  
  22  2:34  SCV  
  23  2:41  Barracks Tech Lab  
  23  2:45  Hellion  
  23  2:49  Starport  
  25  2:51  SCV  
  26  3:01  Orbital Command  
  26  3:07  Orbital Command  
  26  3:08  Hellion  
  26  3:20  SCV  
  27  3:30  Hellion  
  27  3:32  SCV  
  30  3:34  SCV  
  30  3:38  Barracks Reactor  
  30  3:40  Raven  
  33  3:44  SCV  
  33  3:47  SCV  
  35  3:50  Supply Depot  
  35  3:53  Cyclone  
  38  3:56  SCV  
  38  3:59  SCV  
  38  4:01  Engineering Bay  
  40  4:03  Refinery  
  40  4:08  SCV  
  41  4:11  SCV  
  41  4:13  Supply Depot  
  41  4:16  Marine x2  
  44  4:22  SCV  
  44  4:23  Medivac, SCV  
  48  4:28  Factory Tech Lab  
  48  4:33  Marine  
  48  4:34  SCV  
  48  4:35  SCV  
  51  4:39  Terran Infantry Weapons Level 1  
  51  4:44  Marine  
  52  4:47  SCV x2  
  52  4:52  Supply Depot  
  55  4:53  Siege Tank  
  58  5:02  SCV x2  
  58  5:06  Starport Reactor  
  59  5:08  Barracks x2  
  56  5:17  SCV  
  56  5:18  SCV  
  56  5:25  Marine  
  56  5:26  Stimpack  
  57  5:31  SCV  
  57  5:33  Barracks x2  
  58  5:37  Siege Tank  
  58  5:41  SCV  
  62  5:42  Marine  
  57  5:58  Marine x2  
  57  5:59  SCV x2  
  57  6:00  Marine  
  57  6:04  Starport Reactor  
  62  6:06  Marine  
  62  6:07  Marine, Refinery  
  64  6:13  Siege Tank  
  64  6:15  Marine, SCV x2  
  64  6:17  Supply Depot x2  
  70  6:18  Marine  
  70  6:24  Barracks Reactor x2  
  65  6:30  SCV  
  65  6:35  Command Center  
  65  6:37  SCV  
  60  6:42  SCV  
  56  6:52  SCV  
  56  6:54  SCV  
  56  6:55  Marine  
  56  6:56  Marine x4  
  62  7:01  Terran Infantry Armor Level 1  
  62  7:02  Marine  
  62  7:03  Marine  
  62  7:05  SCV  
  65  7:10  SCV  
  66  7:17  SCV  
  66  7:21  Supply Depot  
  66  7:22  SCV  
  68  7:24  Siege Tank  
  68  7:29  Medivac, SCV  
  74  7:32  Medivac  
  74  7:34  SCV  
  77  7:41  SCV  
  77  7:47  SCV  
  77  7:48  Armory  
  78  7:53  SCV, Engineering Bay  
  78  7:54  Marine  
  78  7:57  Combat Shields  
  80  7:59  SCV  
  82  8:05  SCV  
  82  8:07  Orbital Command  
  82  8:11  SCV  
  83  8:13  Siege Tank  
  83  8:16  Supply Depot  
  83  8:17  SCV  
  86  8:23  SCV  
  86  8:25  Medivac x2  
  91  8:31  SCV  
  89  8:35  SCV  
  86  8:41  Orbital Command  
  86  8:45  Siege Tank  
  86  8:47  SCV x3  
  77  8:59  Marine x3, SCV x2  
  77  9:00  Marine  
  77  9:01  Marine  
  82  9:05  Missile Turret  
  82  9:07  SCV  
  83  9:11  SCV x2  
  85  9:18  Terran Vehicle Weapons Level 1  
  85  9:19  SCV  
  85  9:20  Marine x2  
  85  9:21  Marine x2  
  85  9:23  SCV x2  
  91  9:31  SCV  
  91  9:36  SCV  
  88  9:38  Marine x4  
  88  9:42  SCV  
  88  9:43  SCV  
  94  9:46  Siege Tank  
  94  9:50  Medivac  
  94  9:51  SCV  
  100  9:53  Marine x2  
  100  9:57  SCV  
  97  10:03  SCV  
  97  10:05  Marine x2  
  97  10:06  Marine x2  
  84  10:11  Marine x4  
  87  10:20  Siege Tank  
  89  10:30  Marine x3  
  92  10:40  Marine x3  
  68  10:45  Medivac  
  68  10:46  Medivac  
  53  10:58  SCV x2  
  55  11:10  SCV  
Show
View Real Time Build Order
Export as new Build Order

lIlIlIlIlIlI Terran - Winner!

Build Orders: Reaper Expand, Bio Tank, Banshee Rush 

Get SALT Encoding   

  12  0:00  SCV  
  13  0:12  SCV  
  14  0:17  Supply Depot  
  14  0:24  SCV  
  14  0:27  Refinery  
  15  0:38  SCV  
  16  0:44  Barracks  
  16  0:50  SCV  
  17  1:03  SCV  
  18  1:15  SCV  
  19  1:31  Reaper, Orbital Command  
  20  1:46  Command Center  
  20  1:58  SCV  
  21  2:04  Factory  
  21  2:06  Barracks Reactor  
  21  2:10  SCV  
  21  2:13  Refinery  
  22  2:24  Supply Depot, SCV  
  23  2:46  Marine x2, SCV  
  23  2:48  Starport, Hellion  
  28  2:58  SCV  
  28  2:59  Orbital Command  
  28  3:04  Marine  
  30  3:07  Marine, Orbital Command  
  31  3:18  Factory Tech Lab  
  31  3:20  SCV  
  31  3:22  Marine  
  31  3:25  Marine  
  34  3:33  SCV x2  
  36  3:41  Cloaking Field  
  36  3:42  Banshee, Bunker  
  36  3:47  Marine x2  
  41  3:49  SCV x2  
  41  3:52  Supply Depot  
  41  3:54  Factory Tech Lab  
  43  4:02  SCV x2  
  45  4:04  Marine  
  46  4:13  Marine, Siege Tank  
  46  4:15  Supply Depot  
  46  4:16  SCV x2  
  52  4:19  Supply Depot  
  52  4:28  SCV x2  
  54  4:36  Banshee  
  57  4:40  Marine x2, SCV x2  
  61  4:52  SCV x2  
  63  4:54  Command Center  
  63  4:58  Marine x2  
  65  5:01  Supply Depot  
  65  5:04  SCV x2  
  67  5:20  SCV x2  
  69  5:22  Raven  
  71  5:31  Factory Tech Lab  
  71  5:32  SCV x2  
  73  5:36  Barracks  
  73  5:37  Engineering Bay  
  73  5:38  Engineering Bay  
  73  5:39  Barracks, Refinery x2  
  70  5:50  SCV  
  70  5:51  SCV  
  70  5:52  Marine  
  70  5:53  Stimpack  
  73  6:02  SCV  
  74  6:05  Terran Infantry Weapons Level 1, Terran Infantry Armor Level 1  
  74  6:08  Orbital Command  
  74  6:11  Marine  
  74  6:14  SCV  
  74  6:15  SCV  
  77  6:19  Starport Reactor  
  77  6:28  Siege Tank  
  77  6:29  Barracks, SCV x2  
  77  6:30  Barracks  
  77  6:31  Barracks Reactor  
  77  6:32  Supply Depot  
  82  6:33  Supply Depot  
  82  6:40  Marine x2  
  82  6:41  Marine  
  82  6:43  SCV  
  82  6:44  SCV  
  84  6:48  Armory  
  84  6:50  Armory, SCV  
  82  6:55  Medivac  
  82  6:56  SCV x2  
  82  6:57  Medivac  
  82  6:58  Marine x2  
  90  7:02  SCV  
  90  7:08  SCV x2  
  93  7:09  Siege Tank  
  93  7:13  Supply Depot x2  
  93  7:14  SCV  
  97  7:20  SCV x2  
  99  7:24  Barracks Reactor  
  99  7:26  Missile Turret, SCV  
  99  7:27  Barracks Reactor  
  99  7:28  Refinery x2  
  100  7:30  Missile Turret  
  100  7:32  SCV x2  
  102  7:39  Marine x5, SCV  
  108  7:44  SCV x2  
  108  7:48  Supply Depot  
  108  7:50  Siege Tank  
  108  7:51  Supply Depot, SCV  
  114  7:53  Combat Shields  
  114  7:57  Marine x2  
  114  7:58  SCV x2  
  118  8:04  Marine x3  
  125  8:08  Marine  
  125  8:09  Marine x3  
  125  8:11  Sensor Tower  
  124  8:14  Marine  
  124  8:18  Medivac  
  127  8:21  Sensor Tower, Medivac  
  127  8:22  Marine x4, Siege Tank  
  127  8:23  Sensor Tower  
  127  8:25  Marine  
  127  8:26  Supply Depot  
  135  8:27  Marine x3  
  135  8:28  Supply Depot x2  
  137  8:41  Marine  
  137  8:42  Marine x3  
  137  8:44  Marine  
  137  8:45  Marine  
  137  8:50  Marine x3  
  137  8:54  Siege Tank  
  141  8:55  Command Center  
  141  8:56  Medivac  
  141  8:58  Factory  
  141  8:59  Marine x3  
  145  9:05  Terran Infantry Armor Level 2, Terran Infantry Weapons Level 2  
  145  9:11  Terran Vehicle Weapons Level 1  
  145  9:17  Medivac  
  147  9:23  Supply Depot  
  147  9:25  Supply Depot  
  147  9:26  Marine x7, Siege Tank  
  147  9:29  Supply Depot  
  153  9:42  Marine  
  153  9:43  Marine  
  153  9:44  Marine x6, Siege Tank  
  163  9:48  Marine  
  163  9:59  Siege Tank  
  162  10:00  Marine x2  
  162  10:02  Marine  
  162  10:06  Medivac  
  162  10:07  Medivac  
  168  10:11  Command Center  
  166  10:14  Marine x6  
  166  10:16  Siege Tank  
  166  10:18  Marine x2  
  177  10:22  Marine  
  178  10:32  Marine x3  
  178  10:33  Siege Tank  
  177  10:36  Medivac  
  177  10:37  Medivac  
  177  10:40  Marine  
  177  10:41  Marine x2  
  177  10:42  Marine  
  158  10:48  Marine x2  
  158  10:49  Marine, Siege Tank  
  157  10:50  Marine x2  
  159  10:57  Refinery  
  159  10:58  Marine, Refinery  
  159  11:02  Marine x3  
  162  11:08  Barracks  
  162  11:10  Barracks x2  
Tags
 
Add a new tag
Caveats
  • Supply blocks, unpowered buildings, or Contaminate may cause inaccurate times.
  • Supply counts are checked every 10 seconds.